 Dungeon Crawl Stone Soup version 0.28-a0-1236-gb25a51b929 (webtiles) character file.

Game seed: 16868682618898951997

74 Snarg the Chucker (level 3, 0/43 HPs)
             Began as a Demigod Wanderer on Dec 26, 2021.
             Slain by an ufetubus (3 damage)
             ... on level 4 of the Dungeon.
             The game lasted 00:13:44 (2618 turns).

Snarg the Chucker (Demigod Wanderer)                Turns: 2618, Time: 00:13:45

Health: 0/43       AC: 21    Str: 15    XL:     3   Next: 85%
Magic:  7/7        EV:  2    Int: 18    God:
Gold:   42         SH:  0    Dex: 11    Spells: 0/4 levels left

rFire   . . .      SeeInvis .   a - +3 dagger
rCold   . . .      Faith    .   (no shield)
rNeg    . . .      Spirit   .   (armour currently unavailable)
rPois   +          Reflect  .   (helmet currently unavailable)
rElec   .          Harm     .   (cloak currently unavailable)
rCorr   .          Rampage  .   (gloves currently unavailable)
Will    .....      NoTele   +   (boots currently unavailable)
Stlth   +.........              (no amulet)
HPRegen 0.14/turn               (no ring)
MPRegen 0.10/turn               (no ring)

@: tree-form
A: stationary, stasis, torment immunity, boosted hp, high mp 1, forlorn, divine
attributes
a: no special abilities


You were on level 4 of the Dungeon.
You were a tree.
You visited 1 branch of the dungeon, and saw 4 of its levels.

You collected 128 gold pieces.
You spent 86 gold pieces at shops.

Inventory:

Hand Weapons
 a - a +3 dagger (weapon)
 b - a +0 short sword of flaming
 f - a +0 short sword
 i - a +0 falchion
 v - a +0 dagger of venom
Missiles
 c - 63 stones (quivered)
 g - 5 poisoned darts
 m - a curare-tipped dart
Armour
 d - a +0 leather armour (melded)
 q - a scarf of resistance (melded)
Scrolls
 e - 5 scrolls of teleportation
 j - a scroll of fog
 k - 2 scrolls of magic mapping {unknown}
 o - 2 scrolls of identify
 p - a scroll of blinking {unknown}
Potions
 h - a potion of haste
 l - a potion of magic {unknown}


   Skills:
 - Level 2.0 Fighting
 + Level 1.8 Short Blades
 - Level 4.5 Throwing
 + Level 1.0 Armour
 + Level 1.1 Dodging
 * Level 0.9 Stealth
 + Level 1.1 Spellcasting
 * Level 0.2 Conjurations
 * Level 2.1 Earth Magic


You couldn't memorise any spells.
You knew the following spells:

 Your Spells              Type           Power      Damage    Failure   Level
a - Sandblast             Erth           16%        2d6       9%          1
b - Stone Arrow           Conj/Erth      10%        3d7       36%         3

Your spell library contained the following spells:

 Spells                   Type           Power      Damage    Failure   Level
 Magic Dart               Conj           4%         1d3       19%         1
 Animate Skeleton         Necr           2%         N/A       21%         1
 Pain                     Necr           4%         1d4       21%         1
 Searing Ray              Conj           2%         2d4       26%         2
 Vampiric Draining        Necr           1%         2d6       52%         3
 Fulminant Prism          Conj/Hex       0%         3d6       88%         4


Dungeon Overview and Level Annotations

Branches:
Dungeon (4/15)
 Temple: D:4-7

Shops:
D:2 ::?[*   D:3 **?:(

Annotations:
D:1 clr
D:2 clr
D:3 clr


Innate Abilities, Weirdness & Mutations

You are a tree.
Your roots penetrate the ground, keeping you stationary.
You cannot be teleported.
You are immune to unholy pain and torment.
Your maximum health is greatly increased.
Your equipment is partially melded.
You have an increased reservoir of magic. (+10% MP)
You shall have no god before yourself.
Your divine heritage dramatically boosts your attributes as you level up.


Message History

The ufetubus hits you but does no damage.
The ufetubus barely misses you. The ufetubus hits you.
You closely miss the ufetubus.
The ufetubus is lightly wounded.
The ufetubus closely misses you. x2
You barely miss the ufetubus.
The ufetubus is lightly wounded.
The ufetubus barely misses you. x2
You closely miss the ufetubus.
The ufetubus is lightly wounded.
The ufetubus hits you. x2
* * * LOW HITPOINT WARNING * * *
The ufetubus hits you but does no damage. x2
The ufetubus hits you but does no damage.
The ufetubus hits you.
* * * LOW HITPOINT WARNING * * *
Really quaff the potion of lignification?
You turn into a tree.
Your scarf of resistance melds into your body.
Your +0 leather armour melds into your body.
You feel hot and cold all over.
Your roots penetrate the ground.
The ufetubus hits you but does no damage.
The ufetubus barely misses you.
Unknown command.
Unknown command.
You barely miss the ufetubus.
The ufetubus is lightly wounded.
The ufetubus hits you.
* * * LOW HITPOINT WARNING * * *
The ufetubus completely misses you.
The ufetubus hits you but does no damage.
The ufetubus hits you.
* * * LOW HITPOINT WARNING * * *
Unknown command.
Unknown command.
You hit the ufetubus but do no damage.
The ufetubus is lightly wounded.
The ufetubus hits you but does no damage.
The ufetubus hits you.
You die...

##### ....# ####
.....#
#..##.....#
######.........#
#............((#
#...............
#.....♣5........
#.><............
#............≈..
#...............
#..............≈
#..............≈
#..............
###..........≈
##.........


You could see an ufetubus.

Vanquished Creatures
  2 adders (D:2)
  2 worms (D:2)
  2 dart slugs
  3 endoplasms
  A giant cockroach (D:1)
  2 hobgoblins (D:1)
  4 jackals (D:1)
  A quokka (D:2)
  2 ball pythons (D:1)
  5 bats
  5 frilled lizards
  4 goblins
  11 kobolds
  5 rats
49 creatures vanquished.

Notes
Turn   | Place    | Note
-------+----------+-------------------------------------------
     0 | D:1      | Snarg the Demigod Wanderer began the quest for the Orb.
     0 | D:1      | Snarg set off with the following items: a +3 dagger, a
                  | curare-tipped dart, 29 stones, a +0 leather armour; and the
                  | following spell memorised: Sandblast; and the following
                  | spells available to memorise: Stone Arrow
     0 | D:1      | Reached XP level 1. HP: 17/17 MP: 4/4
   199 | D:1      | Reached XP level 2. HP: 24/24 MP: 5/5
   705 | D:1      | Reached skill level 1 in Short Blades
  1039 | D:2      | Reached XP level 3. HP: 23/29 MP: 5/7
  1177 | D:2      | Found Azelowal's Armour Shop.
  1178 | D:2      | Found Fastubb's Assorted Antiques.
  1287 | D:2      | Reached skill level 1 in Dodging
  1553 | D:2      | Found Yliryrig's Magic Scroll Emporium.
  1562 | D:2      | Bought a scroll of identify for 26 gold pieces
  1570 | D:2      | Found Uluoclef's Book Shoppe.
  1591 | D:2      | Learned a level 3 spell: Stone Arrow
  1650 | D:2      | Found Zeluahal's Book Emporium.
  1807 | D:2      | Reached skill level 1 in Armour
  2125 | D:3      | Found Ruhoam's Antique Weapon Emporium.
  2150 | D:3      | Found Wunio's Book Boutique.
  2197 | D:3      | Found Eresm's Magic Scroll Boutique.
  2216 | D:3      | Bought a scroll of fog for 24 gold pieces
  2216 | D:3      | Bought a scroll of teleportation for 36 gold pieces
  2400 | D:3      | Found Jaub's Assorted Antiques.
  2401 | D:3      | Found Wooc's General Store.
  2618 | D:4      | Slain by an ufetubus

Illustrated notes

Levels and vault maps discovered:
D:1:      roderic_dead_forest, layout_loops_corners,
          chequers_ecumenical_altar_simple_redux, serial_bayou_pond_e
D:2:      layout_basic, serial_shops, shop, nicolae_shop_advertising_works
          [nicolae_subvault_shop_adworks], nicolae_square_shop, shop, shop,
          basic_altar
D:3:      layout_rooms, amcnicky_altar_gilded, serial_shops, shop,
          nicolae_square_shop, shop, nicolae_shop_overgrown_old_shop, shop
D:4:      layout_rooms, mainiacjoe_overflow_alcove_1, skrybe_limestone_x,
          serial_bayou_pond_d, minmay_misc_feat_tiny,
          minmay_misc_feat_secret_circle

Skill      XL: |  1  2  3 |
---------------+----------+-----
Earth Magic    | 2 |  2.1
Fighting       | 2 |  2.0
Short Blades   | 1 |  1.8
Dodging        | 1 |  1.1
Armour         | 1 |  1.0
Throwing       | |  4.5
Stealth        | |  0.9
Spellcasting   | |  1.1
Conjurations   | |  0.2

Action                   || total
-------------------------++-------
Melee: Dagger            ||   146
Throw: Stone             ||    28
 Cast: Sandblast         ||     8
  Use: Scroll            ||     3
       Potion            ||     2
 Stab: Sleeping          ||     2
Armor: Leather armour    ||    38
       Skin              ||     3
Dodge: Dodged            ||    94

Table legend: (Time is in decaauts)
 A = Elapsed time spent in this place.
 B = Non-inter-level travel time spent in this place.
 C = Inter-level travel time spent in this place.
 D = Time resting spent in this place.
 E = Time spent auto-exploring this place.
 F = Levels seen in this place.
 G = Mean time per level.
                   A        B        C        D        E       F      G
               +--------+--------+--------+--------+--------+-----+--------+
         Total |   2607 |   2522 |     85 |    257 |   1739 |   4 |  651.8 |
       Dungeon |   2607 |   2522 |     85 |    257 |   1739 |   4 |  651.8 |
               +--------+--------+--------+--------+--------+-----+--------+

Top non-repeatable levels by time:
     D:2: 981 daAuts
     D:1: 981 daAuts
     D:3: 623 daAuts
     D:4: 20 daAuts
